[ PARTIDA AOE2 · #485620508 ]
UnrankedItalianos vs Italians
Equipo del jugador · DERR
Equipo rival · VICT
[ ANÁLISIS DE REPETICIÓN · EXTRAÍDO DE LA PARTIDA GRABADA ]
Feudal
10:14
Castillos
17:33
Imperial
41:44
| APM promedio | 25.4 |
| APM pico | 55 |
| eAPM promedio | 17.2 |
| Aldeanos / militares | 106 / 84 |
Foco
⚔️ 27.2% · 🌾 72.8%
Hand Cannoneer ×33 · Spearman ×32 · Mangonel ×8 · Militia ×4 · Skirmisher ×4 · Battering Ram ×2
Feudal
9:48
Castillos
21:10
Imperial
33:15
| APM promedio | 14.1 |
| APM pico | 35 |
| eAPM promedio | 11.2 |
| Aldeanos / militares | 80 / 53 |
Foco
⚔️ 44.1% · 🌾 55.9%
Genoese Crossbowman ×13 · Knight ×11 · Bombard Cannon ×10 · Mangonel ×8 · Trebuchet (Packed) ×5 · Archer ×3
Mapa de la partida
Recursos iniciales + cada clic de construcción. Líneas = muros · curvas = relieve. ◆ oro · ⬟ piedra · ● bayas · ✦ reliquia · ◌ hueco del cierre
Tu base· ✓ Cerrada en 17:33 · 0t muro · 2 puerta(s)
Base de Limoncello· ✓ Cerrada en 21:10 · 0t muro · 3 puerta(s)
Terreno inicial suavizado · ◌ = hueco del cierre detectado · pasá el cursor para detalles
Inputs por minuto
— Mitomi - - Limoncello
Build order — Mitomi
Primeras 150 de 354 acciones detectadas
| 0:01 | Crear | Villager (Male) |
| 0:01 | Crear | Villager (Male) |
| 0:01 | Crear | Villager (Male) |
| 0:01 | Crear | Villager (Male) |
| 0:02 | Crear | Villager (Male) |
| 0:05 | Construir | House |
| 0:06 | Construir | House |
| 1:41 | Crear | Villager (Male) |
| 2:05 | Crear | Villager (Male) |
| 2:26 | Crear | Villager (Male) |
| 2:27 | Crear | Villager (Male) |
| 3:05 | Construir | House |
| 3:07 | Construir | House |
| 3:12 | Construir | Lumber Camp |
| 3:14 | Crear | Villager (Male) |
| 3:14 | Crear | Villager (Male) |
| 3:15 | Crear | Villager (Male) |
| 3:44 | Crear | Villager (Male) |
| 4:33 | Crear | Villager (Male) |
| 4:33 | Crear | Villager (Male) |
| 4:34 | Crear | Villager (Male) |
| 5:04 | Crear | Villager (Male) |
| 5:34 | Construir | Mill |
| 5:43 | Crear | Villager (Male) |
| 5:44 | Crear | Villager (Male) |
| 6:45 | Crear | Villager (Male) |
| 6:45 | Crear | Villager (Male) |
| 7:18 | Construir | Mining Camp |
| 7:33 | Crear | Villager (Male) |
| 8:04 | Investigar | Feudal Age |
| 8:10 | Construir | House |
| 8:11 | Construir | House |
| 8:12 | Construir | House |
| 8:51 | Construir | Farm |
| 8:53 | Construir | Farm |
| 8:54 | Construir | Farm |
| 9:04 | Crear | Villager (Male) |
| 9:04 | Crear | Villager (Male) |
| 10:14 | Edad | Edad Feudal |
| 10:17 | Construir | Blacksmith |
| 10:22 | Construir | House |
| 10:23 | Construir | House |
| 10:25 | Construir | House |
| 10:26 | Construir | House |
| 10:27 | Construir | House |
| 10:37 | Crear | Villager (Male) |
| 10:38 | Crear | Villager (Male) |
| 11:39 | Construir | House |
| 11:40 | Construir | House |
| 12:25 | Construir | Watch Tower |
| 12:49 | Construir | Barracks |
| 12:53 | Construir | House |
| 12:54 | Construir | House |
| 13:25 | Construir | House |
| 13:26 | Construir | House |
| 13:27 | Construir | House |
| 13:33 | Crear | Villager (Male) |
| 13:33 | Crear | Villager (Male) |
| 13:45 | Construir | Market |
| 13:52 | Construir | House |
| 14:10 | Crear | Militia |
| 14:11 | Crear | Militia |
| 14:49 | Construir | Farm |
| 14:50 | Construir | Farm |
| 14:50 | Construir | Farm |
| 14:50 | Construir | Farm |
| 14:50 | Construir | Farm |
| 14:51 | Construir | Farm |
| 14:53 | Investigar | Castle Age |
| 15:18 | Investigar | Man-at-Arms (upgrade) |
| 15:58 | Crear | Militia |
| 15:59 | Crear | Militia |
| 16:16 | Construir | Mining Camp |
| 16:25 | Construir | Archery Range |
| 17:00 | Crear | Skirmisher |
| 17:00 | Crear | Skirmisher |
| 17:00 | Crear | Skirmisher |
| 17:00 | Crear | Skirmisher |
| 17:28 | Construir | Archery Range |
| 17:33 | Edad | Edad de los Castillos |
| 18:40 | Construir | Watch Tower |
| 19:18 | Investigar | Wheelbarrow |
| 19:19 | Crear | Villager (Male) |
| 19:19 | Crear | Villager (Male) |
| 19:19 | Crear | Villager (Male) |
| 19:46 | Construir | Mill |
| 20:11 | Construir | Town Center |
| 20:30 | Investigar | Fletching |
| 20:30 | Investigar | Fletching |
| 20:48 | Construir | Siege Workshop |
| 20:59 | Crear | Villager (Male) |
| 20:59 | Crear | Villager (Male) |
| 21:00 | Crear | Villager (Male) |
| 21:05 | Crear | Villager (Male) |
| 21:05 | Crear | Villager (Male) |
| 21:10 | Construir | Farm |
| 21:15 | Construir | Farm |
| 21:44 | Crear | Villager (Male) |
| 21:44 | Crear | Villager (Male) |
| 22:06 | Investigar | Double-Bit Axe |
| 22:06 | Investigar | Double-Bit Axe |
| 22:20 | Crear | Villager (Male) |
| 22:21 | Crear | Villager (Male) |
| 22:24 | Construir | Farm |
| 22:26 | Construir | Farm |
| 22:31 | Construir | Farm |
| 22:35 | Construir | Farm |
| 22:46 | Construir | Farm |
| 22:49 | Crear | Villager (Male) |
| 22:49 | Crear | Villager (Male) |
| 22:49 | Crear | Villager (Male) |
| 23:14 | Investigar | Loom |
| 23:23 | Investigar | Pikeman (upgrade) |
| 23:46 | Crear | Spearman |
| 23:46 | Crear | Spearman |
| 23:46 | Crear | Spearman |
| 23:49 | Crear | Battering Ram |
| 25:36 | Crear | Spearman |
| 25:36 | Crear | Spearman |
| 25:36 | Crear | Spearman |
| 25:37 | Crear | Spearman |
| 25:37 | Crear | Spearman |
| 25:38 | Investigar | Squires |
| 25:50 | Crear | Battering Ram |
| 26:03 | Construir | Town Center |
| 26:21 | Construir | Farm |
| 26:23 | Construir | Farm |
| 26:26 | Construir | Farm |
| 26:33 | Crear | Villager (Male) |
| 26:34 | Crear | Villager (Male) |
| 26:34 | Crear | Villager (Male) |
| 26:34 | Crear | Villager (Male) |
| 26:34 | Crear | Villager (Male) |
| 26:35 | Crear | Villager (Male) |
| 26:35 | Crear | Villager (Male) |
| 26:35 | Crear | Villager (Male) |
| 26:35 | Crear | Villager (Male) |
| 29:40 | Crear | Villager (Male) |
| 29:40 | Crear | Villager (Male) |
| 29:40 | Crear | Villager (Male) |
| 29:40 | Crear | Villager (Male) |
| 29:40 | Crear | Villager (Male) |
| 29:41 | Crear | Villager (Male) |
| 29:45 | Crear | Mangonel |
| 29:47 | Crear | Mangonel |
| 29:55 | Construir | Town Center |
| 29:56 | Construir | Farm |
| 29:56 | Construir | Farm |
| 29:56 | Construir | Farm |
| 29:56 | Construir | Farm |
Build order — Limoncello
Primeras 150 de 177 acciones detectadas
| 0:01 | Crear | Villager (Male) |
| 0:01 | Crear | Villager (Male) |
| 0:01 | Crear | Villager (Male) |
| 0:01 | Crear | Villager (Male) |
| 0:03 | Construir | House |
| 0:05 | Construir | House |
| 1:17 | Crear | Villager (Male) |
| 2:08 | Crear | Villager (Male) |
| 2:26 | Crear | Villager (Male) |
| 2:42 | Construir | Lumber Camp |
| 2:51 | Construir | House |
| 2:58 | Crear | Villager (Male) |
| 3:34 | Crear | Villager (Male) |
| 3:55 | Crear | Villager (Male) |
| 4:15 | Crear | Villager (Male) |
| 4:47 | Crear | Villager (Male) |
| 5:09 | Crear | Villager (Male) |
| 5:21 | Crear | Villager (Male) |
| 5:40 | Construir | House |
| 5:51 | Crear | Villager (Male) |
| 6:14 | Construir | Mill |
| 6:23 | Crear | Villager (Male) |
| 6:53 | Crear | Villager (Male) |
| 7:38 | Investigar | Feudal Age |
| 7:50 | Construir | Mining Camp |
| 8:14 | Construir | House |
| 9:26 | Investigar | Loom |
| 9:30 | Crear | Villager (Male) |
| 9:48 | Edad | Edad Feudal |
| 9:54 | Construir | Watch Tower |
| 10:00 | Crear | Villager (Male) |
| 10:28 | Crear | Villager (Male) |
| 11:04 | Construir | Palisade Gate |
| 11:06 | Crear | Villager (Male) |
| 11:40 | Construir | Barracks |
| 11:46 | Crear | Villager (Male) |
| 11:56 | Crear | Villager (Male) |
| 12:25 | Crear | Villager (Male) |
| 12:55 | Construir | Watch Tower |
| 13:00 | Crear | Villager (Male) |
| 13:17 | Crear | Villager (Male) |
| 13:21 | Crear | Villager (Male) |
| 13:26 | Construir | House |
| 13:39 | Construir | Lumber Camp |
| 14:01 | Construir | Farm |
| 14:01 | Construir | Farm |
| 14:02 | Construir | Farm |
| 14:02 | Construir | Farm |
| 14:02 | Construir | Farm |
| 14:02 | Construir | Farm |
| 14:09 | Crear | Villager (Male) |
| 14:40 | Crear | Villager (Male) |
| 14:44 | Construir | House |
| 15:17 | Construir | Archery Range |
| 15:23 | Crear | Villager (Male) |
| 15:32 | Construir | Mining Camp |
| 15:38 | Construir | Farm |
| 15:50 | Crear | Archer |
| 16:08 | Construir | House |
| 16:16 | Construir | House |
| 16:35 | Crear | Archer |
| 16:48 | Construir | House |
| 17:07 | Crear | Archer |
| 17:31 | Construir | Blacksmith |
| 17:39 | Crear | Villager (Male) |
| 18:17 | Construir | Market |
| 18:26 | Crear | Villager (Male) |
| 18:29 | Investigar | Castle Age |
| 18:57 | Construir | Market |
| 19:01 | Crear | Villager (Male) |
| 20:00 | Construir | Stable |
| 20:01 | Construir | Stable |
| 20:11 | Investigar | Double-Bit Axe |
| 20:52 | Crear | Villager (Male) |
| 21:10 | Crear | Scout Cavalry |
| 21:10 | Edad | Edad de los Castillos |
| 21:10 | Crear | Scout Cavalry |
| 21:11 | Crear | Scout Cavalry |
| 21:24 | Construir | Castle |
| 21:40 | Construir | Town Center |
| 21:46 | Crear | Villager (Male) |
| 22:07 | Crear | Villager (Male) |
| 22:24 | Crear | Villager (Male) |
| 22:30 | Construir | Farm |
| 22:30 | Construir | Farm |
| 22:30 | Construir | Farm |
| 22:31 | Construir | Farm |
| 22:31 | Construir | Farm |
| 22:35 | Crear | Villager (Male) |
| 22:35 | Crear | Villager (Male) |
| 22:35 | Crear | Villager (Male) |
| 23:51 | Construir | Lumber Camp |
| 23:52 | Crear | Villager (Male) |
| 23:52 | Crear | Villager (Male) |
| 23:52 | Crear | Villager (Male) |
| 23:58 | Construir | Farm |
| 24:14 | Construir | Farm |
| 24:16 | Crear | Villager (Male) |
| 24:51 | Investigar | Bloodlines |
| 25:19 | Crear | Villager (Male) |
| 25:19 | Crear | Villager (Male) |
| 25:43 | Construir | Farm |
| 25:43 | Construir | Farm |
| 25:43 | Construir | Farm |
| 25:43 | Construir | Farm |
| 25:44 | Construir | Farm |
| 25:51 | Crear | Genoese Crossbowman ×5 |
| 26:25 | Construir | Siege Workshop |
| 26:31 | Investigar | Bow Saw |
| 26:59 | Crear | Mangonel |
| 26:59 | Crear | Mangonel |
| 27:59 | Crear | Mangonel |
| 27:59 | Crear | Mangonel |
| 28:17 | Crear | Villager (Male) |
| 28:17 | Crear | Villager (Male) |
| 28:17 | Crear | Villager (Male) |
| 30:05 | Investigar | Imperial Age |
| 30:12 | Construir | Town Center |
| 30:20 | Crear | Mangonel |
| 30:28 | Crear | Villager (Male) ×5 |
| 31:31 | Construir | University |
| 31:35 | Construir | Lumber Camp |
| 31:43 | Crear | Villager (Male) |
| 31:43 | Crear | Villager (Male) |
| 31:43 | Crear | Villager (Male) |
| 31:58 | Crear | Mangonel |
| 31:59 | Crear | Mangonel |
| 31:59 | Crear | Mangonel |
| 32:27 | Construir | Mining Camp |
| 32:42 | Investigar | Ballistics |
| 32:54 | Crear | Knight ×2 |
| 33:15 | Edad | Edad Imperial |
| 33:28 | Investigar | Wheelbarrow |
| 33:56 | Crear | Knight |
| 33:56 | Crear | Knight |
| 33:56 | Crear | Knight |
| 34:40 | Construir | House |
| 34:41 | Construir | House |
| 34:46 | Crear | Trebuchet (Packed) |
| 34:54 | Investigar | Hand Cart |
| 34:55 | Crear | Villager (Male) ×5 |
| 35:36 | Construir | Siege Workshop |
| 35:49 | Crear | Knight ×4 |
| 36:15 | Construir | Mining Camp |
| 36:21 | Crear | Villager (Male) ×4 |
| 36:54 | Crear | Villager (Male) ×4 |
| 37:00 | Construir | House |
| 37:01 | Construir | House |
| 37:03 | Construir | House |
| 37:22 | Crear | Knight |
Cronología de la partida
| 9:48 | Limoncello · age_up feudal |
| 10:14 | Mitomi · age_up feudal |
| 11:40 | Limoncello · first_building Barracks |
| 12:49 | Mitomi · first_building Barracks |
| 15:17 | Limoncello · first_building Archery Range |
| 16:25 | Mitomi · first_building Archery Range |
| 17:33 | Mitomi · age_up castle |
| 20:00 | Limoncello · first_building Stable |
| 20:48 | Mitomi · first_building Siege Workshop |
| 21:10 | Limoncello · age_up castle |
| 21:24 | Limoncello · first_building Castle |
| 26:11 | Limoncello · first_market_buy 100 food |
| 26:25 | Limoncello · first_building Siege Workshop |
| 29:59 | Limoncello · first_market_sell 100 food |
| 33:15 | Limoncello · age_up imperial |
| 36:20 | Mitomi · first_building Castle |
| 38:56 | Mitomi · first_building Stable |
| 41:44 | Mitomi · age_up imperial |
| 45:29 | Mitomi · resign |
[ ANÁLISIS IA · 1 CRÉDITO ]
¿Qué pasó realmente en esta partida?
Wolo.gg analiza cada decisión: build order, eco, micro, errores típicos por bracket. Análisis personalizado por WhatsApp o Discord en 30 segundos.
Guía civ
Italianos
Perfil
Jugador #9799998